 Dungeon Crawl Stone Soup version 0.19.1-1-g22dce08 (webtiles) character file.

114 Elizilla the Covered (level 5, -4/41 HPs)
             Began as a Formicid Fighter on Dec 29, 2016.
             Slain by Dolanko's ghost (14 damage)
             ... on level 3 of the Dungeon.
             The game lasted 00:03:20 (2313 turns).

Elizilla the Covered (Formicid Fighter)             Turns: 2313, Time: 00:03:20

Health: -4/41      AC:  7    Str: 22    XL:     5   Next: 18%
Magic:  5/5        EV:  8    Int:  7    God:
Gold:   124        SH:  9    Dex: 10    Spells: 0 memorised, 4 levels left

rFire  . . .     SeeInvis +     a - +0 flail
rCold  . . .     Gourm    +     b - +0 scale mail
rNeg   . . .     Faith    .     c - +0 shield
rPois  .         Spirit   .     (helmet unavailable)
rElec  .         Reflect  .     (no cloak)
rCorr  .         Harm     .     (no gloves)
MR     .....                    (no boots)
Stlth  ..........               p - amulet of the gourmand
                                (no ring)
                                m - ring of wizardry

@: no status effects
A: permanent stasis, dig shafts and tunnels, four strong arms, antennae 3
a: Dig, Shaft Self


You were on level 3 of the Dungeon.
You were not hungry.

You visited 1 branch of the dungeon, and saw 3 of its levels.

You collected 124 gold pieces.

Inventory:

Hand Weapons
 a - a +0 flail (weapon)
Armour
 b - a +0 scale mail (worn)
 c - a +0 shield (worn)
Jewellery
 m - a ring of wizardry (left hand)
 p - an amulet of the gourmand (around neck)
Scrolls
 g - 3 scrolls of remove curse {unknown}
 h - 3 scrolls of identify {unknown}
 j - a scroll of recharging {unknown}
 k - a scroll of noise {unknown}
 l - 4 scrolls of fog {unknown}
 o - a scroll of teleportation {unknown}
Potions
 d - a potion of might
 e - a potion of berserk rage {unknown}
 n - a potion of curing {unknown}
Comestibles
 f - 2 bread rations
 i - 3 beef jerkies
 q - a meat ration
 r - a slice of pizza


   Skills:
 - Level 3.2 Fighting
 + Level 3.8 Maces & Flails
 + Level 4.8 Armour
 - Level 3.6 Shields


You had 4 spell levels left.
You didn't know any spells.

Dungeon Overview and Level Annotations

Branches:
Dungeon (3/15)

Altars:
Ashenzari

Annotations:
D:3 Dolanko's ghost, amateur GrFi


Innate Abilities, Weirdness & Mutations

You are under a permanent stasis effect.
You can dig through walls and to a lower floor.
Your four strong arms can wield two-handed weapons with a shield.
You have a pair of large antennae on your head. (SInv)


Message History

You hit Dolanko's ghost.
Dolanko's ghost is lightly damaged.
Dolanko's ghost hits you! Dolanko's ghost closely misses you.
You closely miss Dolanko's ghost.
Dolanko's ghost is lightly damaged.
Dolanko's ghost hits you.
You hit Dolanko's ghost but do no damage.
Dolanko's ghost is lightly damaged.
Dolanko's ghost barely misses you.
You barely miss Dolanko's ghost.
Dolanko's ghost is lightly damaged.
Dolanko's ghost hits you!
You barely miss Dolanko's ghost.
Dolanko's ghost is lightly damaged.
Dolanko's ghost hits you!
* * * LOW HITPOINT WARNING * * *
You block Dolanko's ghost's attack.
There is a stone staircase leading up here.
Dolanko's ghost hits you!
You die...

........#.#.##..## #.##.#
#.......#.#.##..##### #.##.#
..........#.##......###.##.#
#######.###.##......##......
#.###.##......##..##.#
#...............##.#
#.#.###..####...##.#
#.#W..÷..##.#...##.#
#.#@...÷....#...##.#
#.#................#
#...........#.#.####
#...##......#.......
#...##......##......
##############...##......##....(.
.................######..##......
###............##...####.##......
#.............'...'............


You could see Dolanko's ghost.

Vanquished Creatures
  4 adders
  An ooze (D:1)
  2 dart slugs (D:2)
  3 worms
  3 leopard geckos
  2 giant cockroaches
  5 goblins
  8 hobgoblins
  5 kobolds
  4 quokkas
  9 bats
  5 frilled lizards
  7 rats
58 creatures vanquished.

Notes
Turn   | Place    | Note
-------+----------+-------------------------------------------
     0 | D:1      | Elizilla the Formicid Fighter began the quest for the Orb.
     0 | D:1      | Reached XP level 1. HP: 18/18 MP: 1/1
    86 | D:1      | Reached XP level 2. HP: 5/24 MP: 2/2
   345 | D:1      | Found a shattered altar of Ashenzari.
   577 | D:1      | Reached XP level 3. HP: 29/29 MP: 3/3
  1131 | D:1      | Reached skill level 4 in Armour
  1205 | D:2      | Reached XP level 4. HP: 14/35 MP: 4/4
  1548 | D:2      | Found a faded altar of an unknown god.
  2083 | D:3      | Reached XP level 5. HP: 38/41 MP: 5/5
  2286 | D:3      | Noticed Dolanko's ghost (amateur GrFi)
  2313 | D:3      | Slain by Dolanko's ghost

Skill      XL: |  1  2  3 |
---------------+----------+-----
Maces & Flails | 3 |  3.8
Armour         | 4 |  4.8
Fighting       | |  3.2
Shields        | |  3.6

Action                   |  1- 3 |  4- 6 || total
-------------------------+-------+-------++-------
Melee: Flail             |   107 |   105 ||   212
 Abil: Dig               |       |     1 ||     1
  Eat: Chunk             |     1 |    11 ||    12
Armor: Scale mail        |    43 |    53 ||    96
Dodge: Dodged            |    39 |    34 ||    73
Block: Shield            |    43 |    63 ||   106
